 Dungeon Crawl Stone Soup version 0.32-a0-20-ge526923d97 (webtiles) character file.

Game seed: 16201863528313834177

69 12sPaWn12 the Covered (level 4, 0/29 HPs)
             Began as a Gargoyle Fighter on Jan 17, 2024.
             Killed by nerve-wracking pain
             ... invoked by Grinder
              (6 damage)
             ... on level 3 of the Dungeon.
             The game lasted 00:04:31 (1331 turns).

12sPaWn12 the Covered (Gargoyle Fighter)            Turns: 1331, Time: 00:04:32

Health: 0/29       AC: 10    Str: 22    XL:     4   Next: 20%
Magic:  4/4        EV:  9    Int:  8    God:
Gold:   95         SH:  4    Dex:  9    Spells: 3/3 levels left

rFire   . . .        a - +0 flail
rCold   . . .        c - +0 buckler
rNeg    + . .        b - +0 scale mail
rPois   ∞            (no helmet)
rElec   +            (no cloak)
rCorr   .            (no gloves)
SInv    +            (no boots)
Will    .....        (no amulet) Stlth
                     g - ring of wizardry
HPRegen 0.24/turn    j - ring of see invisible
MPRegen 0.09/turn

%: wizardry (x1)
@: mighty
A: sickness immunity, AC +3, negative energy resistance 1, electricity
resistance, torment resistance 1, petrification resistance
a: no special abilities


You were on level 3 of the Dungeon.
You visited 1 branch of the dungeon, and saw 3 of its levels.

You collected 95 gold pieces.

Inventory:

Hand Weapons
 a - a +0 flail (weapon)
Armour
 b - a +0 scale mail (worn)
 c - a +0 buckler (worn)
Jewellery
 g - a ring of wizardry (left hand)
 j - a ring of see invisible (right hand)
Wands
 o - a wand of iceblast (4)
Scrolls
 f - 2 scrolls of teleportation {unknown}
 h - 2 scrolls of fear {unknown}
 l - a scroll of enchant weapon {unknown}
 m - a scroll of blinking {unknown}
 n - a scroll of fog {unknown}
 p - a scroll of brand weapon {unknown}
 q - a scroll of identify {unknown}
Potions
 e - a potion of lignification {unknown}
 i - a potion of berserk rage {unknown}
 k - 3 potions of curing {unknown}


   Skills:
 * Level 3.8 Fighting
 * Level 3.0 Maces & Flails
 * Level 3.8 Armour
 * Level 3.8 Shields
 * Level 0.1 Evocations


You had 3 spell levels left.
You didn't know any spells.
Your spell library was empty.

Dungeon Overview and Level Annotations

Branches:
Dungeon (3/15)

Altars:

Shops:
D:1 (:(*!

Annotations:
D:3 Grinder


Innate Abilities, Weirdness & Mutations

You are immune to sickness and miasma.
Your stone body is resilient. (AC +3)
You are immune to poison.
You resist negative energy. (rN+)
You are resistant to electric shocks. (rElec)
You are resistant to unholy torment.
You are immune to petrification.


Message History

Aim: Grinder (lightly wounded, about 53% to evade your +0 flail)
You hit Grinder.
Grinder is lightly wounded.
Grinder hits you but does no damage.
Hit: a) +0 flail
Press: ? - help, Dir - move target, f/p - Grinder
Aim: Grinder (lightly wounded, about 53% to evade your +0 flail)
Okay, then.
Aiming: Iceblast
Press: ? - help, Shift-Dir - straight line, f/p - Grinder
Aim: Grinder (lightly wounded)
Okay, then.
Okay, then.
You feel very mighty all of a sudden. Grinder gestures at you.
You suddenly lose the ability to move!
Grinder hits you but does no damage.
Grinder says, "You look like you could use a good racking."
Grinder hits you.
You can move again.
You barely miss Grinder.
Grinder is lightly wounded.
Grinder gestures at you.
You shrug off the repeated paralysis!
You sock Grinder!
Grinder is moderately wounded.
Grinder gestures at you.
You barely resist. Grinder hits you but does no damage.
You hit Grinder.
Grinder is heavily wounded.
Grinder hits you.
* * * LOW HITPOINT WARNING * * *
You writhe in agony.
* * * LOW HITPOINT WARNING * * *
You closely miss Grinder.
Grinder is heavily wounded.
Grinder gestures at you. Pain shoots through your body!
You die...
Grinder says, "Hey, I wasn't done torturing you yet!"

.# .# .#
.# .# .#
######.#
#..5@..#
#.######
#.# #.#
#.# #.#
#.# #.#
#.#


You could see Grinder.

Vanquished Creatures
  An adder (D:2)
  A dart slug (D:2)
  6 ball pythons
  6 endoplasms
  A giant cockroach (D:1)
  5 goblins
  4 hobgoblins (D:1)
  8 jackals (D:1)
  6 bats
  4 frilled lizards
  5 kobolds
  4 rats
51 creatures vanquished.

Notes
Turn   | Place    | Note
-------+----------+-------------------------------------------
     0 | D:1      | 12sPaWn12 the Gargoyle Fighter began the quest for the Orb.
     0 | D:1      | Reached XP level 1. HP: 14/14 MP: 1/1
   100 | D:1      | Reached XP level 2. HP: 13/19 MP: 2/2
   140 | D:1      | Found Eqiec's Assorted Antiques.
   156 | D:1      | Found Racuepsoaka's Antique Weapon Shop.
   205 | D:1      | Found Ogemm's Book Shop.
   275 | D:1      | Found Keepol's Antique Weapon Boutique.
   296 | D:1      | Reached XP level 3. HP: 16/23 MP: 3/3
   451 | D:1      | Found Oxur's Distillery.
   873 | D:2      | Reached XP level 4. HP: 29/29 MP: 4/4
  1317 | D:3      | Noticed Grinder
  1325 | D:3      | Paralysed by Grinder for 3 turns
  1331 | D:3      | Killed from afar by Grinder

Illustrated notes

Levels and vault maps discovered:
D:1:      lemuel_arrival_rhombus, layout_basic, serial_shops,
          nicolae_shop_temple_entry_statues_fountains, nicolae_shop_peninsula,
          shop, shop, shop, hangedman_decor_push, serial_bayou_pond_e
D:2:      layout_rooms, serial_bayou_pond_a
D:3:      layout_basic, chequers_serial_rivers_marsh, uniq_ijyb, uniq_grinder,
          uniq_sigmund

Skill      XL: |  1  2  3  4 |
---------------+-------------+-----
Maces & Flails | 3 |  3.0
Fighting       | |  3.8
Armour         | |  3.8
Shields        | |  3.8
Evocations     | |  0.1

Action                     |  1- 3 |  4- 6 || total
---------------------------+-------+-------++-------
  Melee: Flail             |   156 |    39 ||   195
  Evoke: Wand              |       |     1 ||     1
    Use: Potion            |       |     1 ||     1
 Armour: Scale mail        |   129 |    32 ||   161
  Dodge: Dodged            |    86 |    15 ||   101
  Block: Buckler           |    42 |    10 ||    52

Table legend: (Time is in decaauts)
 A = Elapsed time spent in this place.
 B = Non-inter-level travel time spent in this place.
 C = Inter-level travel time spent in this place.
 D = Time resting spent in this place.
 E = Time spent auto-exploring this place.
 F = Levels seen in this place.
 G = Mean time per level.
                   A        B        C        D        E       F      G
               +--------+--------+--------+--------+--------+-----+--------+
         Total |   1391 |   1362 |     29 |      0 |    922 |   3 |  463.7 |
       Dungeon |   1391 |   1362 |     29 |      0 |    922 |   3 |  463.7 |
               +--------+--------+--------+--------+--------+-----+--------+

Top non-repeatable levels by time:
     D:1: 741 daAuts
     D:2: 585 daAuts
     D:3: 65 daAuts
